 Dungeon Crawl Stone Soup version 0.15-a0-1004-gbf4e2e6 (webtiles) character file.

49 Bloax the Insei (level 3, -1/17 HPs)
             Began as a Vine Stalker Transmuter on May 25, 2014.
             Slain by a green rat (5 damage)
             ... on Level 4 of the Dungeon.
             The game lasted 00:02:52 (500 turns).

Bloax the Insei (Vine Stalker Transmuter)            Turns: 500, Time: 00:02:52

HP  -1/17        AC  4     Str 12      XL: 3   Next: 77%
MP   0/9         EV 12     Int 13      God:
Gold 62          SH  0     Dex 15      Spells:  2 memorised,  5 levels left

rFire  . . .     SeeInvis .     j - +1,+2 dagger (venom)
rCold  . . .     Clarity  .     c - +0 robe
rNeg   . . .     Conserve .     (no shield)
rPois  .         rCorr    .     a - +2 hat
rElec  .         rRot     +     (no cloak)
SustAb .         Spirit   +     (no gloves)
rMut   .         Warding  .     (no boots)
Gourm  .         Stasis   .     (no amulet)
MR     .....                    (no ring)
                                (no ring)

@: not resistant to hostile enchantments, very unstealthy
A: fangs 2, regeneration 1, magic shield, antimagic bite, no device heal 3, rot
immunity
a: no special abilities


You were on level 4 of the Dungeon.
You were not hungry.

You visited 1 branch of the dungeon, and saw 4 of its levels.

You collected 62 gold pieces.


Innate Abilities, Weirdness & Mutations

You have extremely sharp teeth.
Your natural rate of healing is unusually fast.
When hurt, damage is shared between your health and your magic reserves.
Your bite disrupts and absorbs the magic of your enemies.
Potions and wands cannot restore your health.
You are immune to rotting.


   Skills:
 - Level 0.8 Fighting
 - Level 1.5 Dodging
 + Level 3.9 Unarmed Combat
 + Level 3.2 Spellcasting
 - Level 2.0 Transmutations


You had 5 spell levels left.
You knew the following spells:

 Your Spells              Type           Power        Failure   Level  Hunger
a - Beastly Appendage     Trmt           #.....       12%         1    #......
b - Sticks to Snakes      Trmt           #.........   17%         2    ##.....


Dungeon Overview and Level Annotations

Branches:
Dungeon (4/15)
 Temple: D:4-7

Altars:

Portals:
Sewer: D:4

Inventory:

Hand weapons
 j - a +1,+2 dagger of venom (weapon)
   (You took it off a goblin on level 3 of the Dungeon)
Missiles
 b - 12 arrows
Armour
 a - a +2 hat (worn)
   (You found it on level 3 of the Dungeon)
 c - a +0 robe (worn)
Comestibles
 h - a bread ration
Scrolls
 e - a scroll of immolation {!r}
 f - a scroll of identify
Books
 d - a book of Changes

   Spells                             Type                      Level
   *Beastly Appendage                 Transmutation                1
   *Sticks to Snakes                  Transmutation                2
   Spider Form                        Transmutation/Poison         3
   Ice Form                           Ice/Transmutation            4
   Blade Hands                        Transmutation                5
 i - a book of the Sky
   (You found it on level 3 of the Dungeon)

   Spells                             Type                      Level
   Flight                             Charms/Air                   3
   Airstrike                          Air                          4
   Silence                            Hexes/Air                    5
   Deflect Missiles                   Charms/Air                   6
   Conjure Ball Lightning             Conjuration/Air              6
   Tornado                            Air                          9

........)#.#####.#
########.#r# #.#
#.#Z#####.##
##s#...Z.r..#
##..#######..#
#...# #..#
##r########..# #<#
#......... #.# #@#
#.... #.# #r#
##.### ###Z###Z#
.# #..%r.#.#
#.....#.#
#.......#
#.<...### #.....#
#######


You could see a green rat and a giant gecko skeleton.


Message History

You kill the worker ant!
Your Spellcasting skill increases to level 3!
You have reached level 3!
Your experience leads to an increase in your attributes!
Increase (S)trength, (I)ntelligence, or (D)exterity?
You feel agile.
There is a stone staircase leading up here.
A rat, a worm and a giant cockroach come into view.
A rat and a green rat come into view.
Drop what? (_ for help) (? for menu, Esc to quit)
You drop a +2,+0 vampiric dagger {!w}.
An adder and a giant mite come into view.
Found a glowing drain.
The giant cockroach barely misses you. The giant cockroach barely misses you.
You hit the giant cockroach.
The giant cockroach is poisoned.
The giant cockroach is lightly wounded.
The giant cockroach barely misses you.
You closely miss the giant cockroach. You bite the giant cockroach.
You drain its power.
You feel invigorated.
The giant cockroach is almost dead.
You kill the giant cockroach!
The adder barely misses you.
You miss the adder. The adder bites you but does no damage.
You closely miss the adder. The adder bites you.
You barely miss the adder. The adder bites you.
You are poisoned.
The adder poisons you!
You hit the adder but do no damage.
The adder is poisoned.
You feel sick. The adder bites you. The adder closely misses you.
You completely miss the adder. The adder bites you.
* * * LOW HITPOINT WARNING * * *
You feel sick.
You miss the adder. The adder bites you.
* * * LOW HITPOINT WARNING * * *
You are more poisoned.
The adder poisons you! The adder bites you.
Unknown command.
You hit the adder.
The adder looks even sicker.
You bite the adder, but do no damage.
The adder is moderately wounded.
You feel sick. The adder barely misses you.
Unknown command.
You feel sick.
You kill the adder!
A giant gecko skeleton comes into view.
You feel sick.
You feel sick.
You feel sick.
You feel sick.
You feel sick.
You see here a +2,+0 vampiric dagger {!w}.
You feel sick.
You hear the slow rusting of a drain nearby.
You feel sick.
There is a stone staircase leading up here.
You feel sick.
You are no longer poisoned.
You swing at nothing.
You hit the green rat.
The green rat is lightly wounded.
The green rat bites you.
* * * LOW HITPOINT WARNING * * *
You barely miss the green rat.
The green rat is lightly wounded.
The green rat closely misses you.
You hit the green rat.
The green rat is poisoned.
The green rat is lightly wounded.
The green rat bites you!
You die...

Action                   || total
-------------------------++-------
Melee: Unarmed           ||    33
       Dagger            ||    39
 Cast: Beastly Appendage ||     1
  Use: Scroll            ||     5

Vault maps used:
D:1:      dpeg_arrival_stonehenge_8_columns
D:2:      hangedman_decor_growths
D:3:      minmay_misc_feat_plants
D:4:      lemuel_round_altar, xom_butterflies, portal_sewer_entry_b,
          uniq_natasha, uniq_blork_the_orc

Notes
Turn   | Place    | Note
--------------------------------------------------------------
     0 | D:1      | Bloax, the Vine Stalker Transmuter, began the quest for the Orb.
     0 | D:1      | Reached XP level 1. HP: 9/9 MP: 3/3
   138 | D:2      | Reached XP level 2. HP: 14/14 MP: 6/6
   246 | D:3      | Learned a level 2 spell: Sticks to Snakes
   439 | D:4      | Reached skill level 3 in Spellcasting
   439 | D:4      | Reached XP level 3. HP: 17/17 MP: 6/8
   450 | D:4      | Found a glowing drain.
   466 | D:4      | HP: 4/17 [poisoned by an adder]
   473 | D:4      | HP: 3/17 [poisoned by an adder]
   480 | D:4      | HP: 3/17 [poisoned by an adder]
   488 | D:4      | HP: 3/17 [poisoned by an adder]
   498 | D:4      | HP: 3/17 [green rat (2)]
   500 | D:4      | Slain by a green rat

Vanquished Creatures
  A worker ant (D:4)
  An adder (D:4)
  2 bats (D:1)
  A giant cockroach (D:4)
  A hobgoblin (D:3)
  2 kobolds (D:2)
  A quokka (D:2)
  5 goblins
  2 rats
16 creatures vanquished.
